 Dungeon Crawl Stone Soup version 0.27.0-1-g7a089689b8 (webtiles) character file.

Game seed: 17758572109456593324

35 Strat the Chopper (level 3, -28/32 HPs)
             Began as a Deep Dwarf Gladiator on Aug 8, 2021.
             Killed by an exploding iguana (30 damage)
             ... ignited by their inner flame
             ... on level 4 of the Dungeon.
             The game lasted 00:02:06 (944 turns).

Strat the Chopper (Deep Dwarf Gladiator)             Turns: 944, Time: 00:02:07

Health: -28/32     AC:  4    Str: 18    XL:     3   Next: 17%
Magic:  3/3        EV: 12    Int:  8    God:
Gold:   48         SH:  0    Dex: 14    Spells: 2/2 levels left

rFire    . . .     SeeInvis .   a - +0 war axe
rCold    . . .     Faith    .   (no shield)
rNeg     . . .     Spirit   .   b - +0 leather armour
rPois    .         Reflect  .   c - +0 helmet
rElec    .         Harm     .   (no cloak)
rCorr    .         Rampage  .   (no gloves)
Will     .....                  (no boots)
Stlth    +.........             (no amulet)
HPRegen  0.00/turn              (no ring)
MPRegen  0.08/turn              (no ring)

@: no status effects
A: damage resistance, heal wounds, sense surroundings 1, no regeneration
a: Heal Wounds


You were on level 4 of the Dungeon.
You visited 1 branch of the dungeon, and saw 4 of its levels.

You collected 48 gold pieces.

Inventory:

Hand Weapons
 a - a +0 war axe (weapon)
Missiles
 d - 3 throwing nets (quivered)
 f - 16 sling bullets
 h - 6 stones
Armour
 b - a +0 leather armour (worn)
 c - a +0 helmet (worn)
Jewellery
 e - a +6 ring of intelligence
Potions
 i - a potion of degeneration


   Skills:
 + Level 2.2 Fighting
 * Level 4.1 Axes
 - Level 1.7 Throwing
 + Level 1.3 Armour
 - Level 3.2 Dodging


You had 2 spell levels left.
You didn't know any spells.
Your spell library was empty.

Dungeon Overview and Level Annotations

Branches:
Dungeon (4/15)
 Temple: D:4-7

Altars:

Annotations:
D:3 Sigmund


Innate Abilities, Weirdness & Mutations

You are resistant to damage.
You can heal yourself by infusing magical energy.
You passively map a small area around you.
You do not regenerate.


Message History

Sigmund gestures at you while chanting. The puff of flame hits you.
* * * LOW HITPOINT WARNING * * *
Found 16 gold pieces.
There is a stone staircase leading up here.
Sigmund casts a spell at you. The magic dart hits you.
* * * LOW HITPOINT WARNING * * *
Found a stone staircase leading down.
Found a ring mail.
There is a stone staircase leading down here.
You climb downwards.
An iguana comes into view.
Found a hand crossbow.
Found an escape hatch in the floor.
There is a stone staircase leading up here.
The iguana hisses angrily.
You aren't carrying any items that you can evoke.
Okay, then.
As you read the scroll labelled KILUSI LISOFAE, it crumbles to dust.
The creatures around you are filled with an inner flame!
It was a scroll of immolation.
As you read the scroll labelled TEGHOVO HUHU, it crumbles to dust.
It is a scroll of identify.
i - a potion of degeneration You open the door.
There is an open door here.
You open the door.
A hobgoblin comes into view.
The iguana bites you!
* * * LOW HITPOINT WARNING * * *
The hobgoblin shouts!
There is an open door here.
You hit the hobgoblin.
The hobgoblin is heavily wounded.
You hit the iguana.
Flame seeps out of the iguana.
The iguana is engulfed in blazing flames.
The iguana explodes!
The fiery explosion engulfs you!!
Ouch! That really hurt!
You die...

* , **
*, , ,
, ,* ,
, ** ,
# * *
.# *
###.#
#@g.#
##○###,
#§§.# ,
######
#...#*
#.....
#...# *
#.....
#...#*,
#.....
##'## ,
+.....
#.# * *
#.....
#.#
#.....


You could see a hobgoblin.

Vanquished Creatures
  An iguana (D:4)
  3 endoplasms (D:1)
  A giant cockroach (D:1)
  3 goblins
  6 hobgoblins
  2 jackals (D:1)
  2 quokkas (D:1)
  3 bats
  A frilled lizard (D:1)
  6 kobolds
  3 rats
31 creatures vanquished.

Notes
Turn   | Place    | Note
-------+----------+-------------------------------------------
     0 | D:1      | Strat the Deep Dwarf Gladiator began the quest for the Orb.
     0 | D:1      | Reached XP level 1. HP: 19/19 MP: 1/1
   121 | D:1      | Reached XP level 2. HP: 20/26 MP: 2/2
   343 | D:1      | Reached skill level 1 in Armour
   533 | D:1      | Reached skill level 4 in Axes
   705 | D:2      | Reached XP level 3. HP: 22/32 MP: 3/3
   869 | D:3      | Noticed Sigmund
   944 | D:4      | Killed by an exploding iguana... ignited by their inner
                  | flame

Illustrated notes

Levels and vault maps discovered:
D:1:      shiori_arrival_maze, layout_basic, minmay_misc_feat_more_columns
D:2:      layout_basic, basic_altar, minmay_tetromino_s2
D:3:      layout_loops_ring, ebering_ghost_sewer_d, kennysheep_pointless_box,
          minmay_misc_feat_hallway, uniq_sigmund, uniq_grinder, uniq_natasha
D:4:      layout_basic, corexii_hall_statues_deadend

Skill      XL: |  1  2 |
---------------+-------+-----
Fighting       | 2 |  2.2
Armour         | 1 |  1.3
Axes           | 4 |  4.1
Throwing       | |  1.7
Dodging        | |  3.2

Action                   || total
-------------------------++-------
Melee: War axe           ||    75
  Use: Scroll            ||     2
 Stab: Sleeping          ||     1
Armor: Leather armour    ||    18
Dodge: Dodged            ||    69
